 Dungeon Crawl Stone Soup version 0.24.0-1-gfbc8707122 (webtiles) character file.

Game seed: 10169507579033877506, levelgen mode: deterministic

14 Arixos the Gusty (level 2, -2/18 HPs)
             Began as an Octopode Air Elementalist on Oct 28, 2019.
             Slain by a goblin
             ... wielding a +2 dagger of electrocution
              (15 damage)
             ... on level 1 of the Dungeon.
             The game lasted 00:02:14 (352 turns).

Arixos the Gusty (Octopode Air Elementalist)         Turns: 352, Time: 00:02:15

Health: -2/18      AC:  1    Str:  7    XL:     2   Next: 41%
Magic:  4/5        EV: 13    Int: 17    God:
Gold:   31         SH:  0    Dex: 12    Spells: 4/5 levels left

rFire    . . .     SeeInvis .   a - +0 dagger
rCold    . . .     Gourm    .   (no shield)
rNeg     . . .     Faith    .   (helmet restricted)
rPois    .         Spirit   .   (no amulet)
rElec    .         Reflect  .   e - ring of flight
rCorr    .         Harm     .   (no ring)
MR       .....                  (no ring)
Stlth    +++.......             (no ring)
HPRegen  0.06/turn              (no ring)
MPRegen  0.09/turn              (no ring)
                                (no ring)
                                (no ring)

@: very slightly contaminated
A: almost no armour, stealthy swim, amphibious, 8 rings, constrict 8, camouflage
1, gelatinous body 1
a: Evoke Flight


You were on level 1 of the Dungeon.
You were not hungry.

You visited 1 branch of the dungeon, and saw 1 of its levels.

You collected 31 gold pieces.

Inventory:

Hand Weapons
 a - a +0 dagger (weapon)
Jewellery
 e - a ring of flight (left tentacle)
Scrolls
 f - a scroll of magic mapping {unknown}
Potions
 d - a potion of brilliance {unknown}
Comestibles
 b - a ration
 c - 2 chunks of flesh


   Skills:
 + Level 0.5 Fighting
 + Level 2.1 Dodging
 - Level 2.6 Stealth
 * Level 2.3 Spellcasting
 + Level 1.2 Conjurations
 + Level 3.1 Air Magic


You had 4 spell levels left.
You knew the following spells:

 Your Spells              Type           Power        Failure   Level  Hunger
a - Shock                 Conj/Air       #...         8%          1    #......

Your spell library contained the following spells:

 Spells                   Type           Power        Failure   Level  Hunger
 Swiftness                Chrm/Air       #.......     16%         2    ###....
 Static Discharge         Conj/Air       #.......     22%         3    ###....
 Airstrike                Air            ##........   45%         4    #####..
 Lightning Bolt           Conj/Air       #.........   91%         5    ######.


Dungeon Overview and Level Annotations

Branches:
Dungeon (1/15)

Altars:


Innate Abilities, Weirdness & Mutations

You cannot wear most types of armour.
You are very stealthy in the water. (Stealth+)
You are amphibious.
You can wear up to eight rings at the same time.
You can use your tentacles to constrict eight enemies at once.
Your skin changes colour to match your surroundings (Stealth+).
Your rubbery body absorbs attacks. (AC +1, EV +1)


Message History

Found 18 stones.
A goblin comes into view.
It is wielding a +2 dagger of electrocution.
The goblin shouts!
You hear a shout!
Casting: Shock (safe; 8% risk of failure)
Confirm with . or Enter, or press ? or * to list all spells.
Aiming: Shock (safe; 8% risk of failure)
Press: ? - help, Shift-Dir - straight line, f - goblin
Aim: a goblin, wielding a +2 dagger of electrocution You miscast Shock.
You are very lightly contaminated with residual magic.
Your skin tingles.
A goblin is nearby!
You see here 18 stones.
You hit the goblin. You grab the goblin.
The goblin is moderately wounded.
You constrict the goblin.
The goblin hits you with a +2 dagger of electrocution.
You are electrocuted!
Ouch! That really hurt!
You die...

....# .##.# .... ###.#
... # #.########## ... #
#..(.......# ..# #
#.########.# #.#
###........#.# #.# #
.##..#.....#.###.###....
....##.....#....@g...#
######..)..#########.# #
#.......## #.#######
###.# ....# #####


You could see a goblin.

Vanquished Creatures
  2 bats (D:1)
  2 hobgoblins (D:1)
  2 kobolds (D:1)
  A frilled lizard (D:1)
  4 goblins (D:1)
  A rat (D:1)
12 creatures vanquished.

Notes
Turn   | Place    | Note
-------+----------+-------------------------------------------
     0 | D:1      | Arixos the Octopode Air Elementalist began the quest for
                  | the Orb.
     0 | D:1      | Reached XP level 1. HP: 11/11 MP: 3/3
   158 | D:1      | Reached XP level 2. HP: 17/17 MP: 1/5
   352 | D:1      | Slain by a goblin

Levels and vault maps discovered:
D:1:      dpeg_arrival_simpleton_a, layout_rooms, serial_co_window_serial,
          co_window_paths_a, co_window_of_opportunity_a, co_window_corner_a,
          co_window_paths_a, co_window_paths_a, co_window_paths_c,
          co_window_unsneaky_path_a, co_window_broadway_c, co_window_paths_c,
          co_window_sun, co_window_4corner_a

Action                   || total
-------------------------++-------
Melee: Dagger            ||     5
       Tentacles         ||     1
       Constrict         ||     1
 Cast: Shock             ||    16
Dodge: Dodged            ||     6
